Quirre, neutral male human Wizard ... -@.. |d.... --.%<. |.... Quirre the Thaumaturge Experience level: 7 Strength: 9 Dexterity: 13 Constitution: 16 Intelligence: 19 Wisdom: 16 Charisma: 8 Health: 0(44) Energy: 75(75) Def: 6 Gold: 989 Moves: 8234 Dungeon seed: oc9wvjSiylq0fE7b Game ID: Quirre_1543421952 Your Inventory: Coins $ - 989 gold pieces Weapons a - a blessed +1 quarterstaff (weapon in hands) K - 9 blessed +2 crossbow bolts M - a blessed +5 crossbow named Crossbow of Legend Z - an uncursed +1 dagger Armor e - an uncursed +0 cloak of magic resistance q - an uncursed +0 pair of iron shoes (being worn) z - an uncursed +0 dwarvish iron helm (being worn) Q - an uncursed +0 leather armor (being worn) S - an uncursed +0 mummy wrapping (being worn) Y - an uncursed +0 Hawaiian shirt Comestibles i - an uncursed food ration l - an uncursed lembas wafer r - 2 uncursed tripe rations B - an uncursed orange F - 2 uncursed strawberries Scrolls m - a blessed scroll of blank paper p - 2 uncursed scrolls of blank paper t - an uncursed scroll of destroy armor x - an uncursed scroll of remove curse Rings g - an uncursed ring of warning w - an uncursed +1 ring of gain constitution (on left hand) G - an uncursed ring of levitation Wands s - an uncursed wand of cancellation (0:7) v - an uncursed wand of teleportation (0:8) O - an uncursed wand of teleportation (0:6) P - an uncursed wand of striking (0:4) Tools c - an uncursed tooled horn j - an uncursed oil lamp (0:1211) k - an uncursed magic whistle o - 5 uncursed tallow candles (0:200) J - an uncursed oil lamp (0:745) T - an uncursed can of grease (0:21) V - an uncursed skeleton key X - an uncursed blindfold Gems n - 2 uncursed worthless pieces of blue glass Spells and supernatural/magical abilities: Name Level Category Fail Memory a - force bolt 1 attack 0% 59% l - light 1 divination 0% 59% m - magic missile 2 attack 0% 82% K - cure sickness 3 healing 66% 92% M - magic mapping 5 divination 100% 92% W - pray for help -- divine ? -- Your skills at the end: Miscellaneous Skills wands [Basic] stealth [Basic] Weapon Skills quarterstaff [Skilled] Spellcasting Skills attack spells [Skilled] enchantment spells [Basic] Final Attributes: You were devoutly aligned. You were poison resistant. You had wounded legs. You were telepathic. You were visible. You are dead. Vanquished creatures: 2 dwarf kings a winter wolf cub a giant spider a gnome king an owlbear 2 dwarf lords a gnome mummy 2 yellow lights a rock piercer 2 shriekers 10 gnome lords 3 gnomish wizards 2 kobold mummies a golden naga hatchling a guardian naga hatchling a gray ooze a paper golem 3 giant ants a floating eye a kitten 11 dwarves an iguana 3 rothes a centipede 3 orc zombies a dwarf zombie 6 hobbits 3 acid blobs 2 giant rats a cave spider a brown mold 2 yellow molds 2 red molds 37 gnomes 2 garter snakes 6 manes 8 jackals 2 kobolds 8 newts 2 goblins 3 grid bugs 2 bats 6 lichens a kobold zombie 152 creatures vanquished. Voluntary challenges: You did not cause conflict. You did not have reflection. You were not displaced. You had been an atheist until turn 4559. You used a wielded weapon 165 times, starting on turn 30. You did not apply a unicorn horn. You did not use plumbed fixtures. You read items or engraved 44 times, starting on turn 4571. You never genocided any monsters. You never polymorphed an object. You never changed form. You used no wishes. You never split a pudding. You never wrote Elbereth's name. You violated your moral code, losing 1 point of alignment, starting on turn 2666. Dungeon overview: The Dungeons of Doom: levels 1 to 5 Level 1 a fountain a long staircase Level 2 a general store stairs to The Gnomish Mines Level 3 Level 4 many fountains Level 5 a fountain The Gnomish Mines: levels 3 to 8 Level 3 stairs to The Dungeons of Doom Level 4 Level 5 many shops, a temple to Ptah, a magic chest, some fountains, some trees Level 6 Level 7 Level 8 <- You were here History has recorded: On T:1 you entered the Dungeons of Doom to retrieve the Amulet of Yendor! On T:444 you reached level 2 of The Dungeons of Doom. On T:475 you advanced to experience level 2. On T:1302 you reached level 3 of The Dungeons of Doom. On T:1470 you advanced to experience level 3. On T:1916 you reached level 4 of The Dungeons of Doom. On T:2015 you advanced to experience level 4. On T:2494 you reached level 5 of The Dungeons of Doom. On T:3100 you reached level 1 of The Gnomish Mines. On T:3116 you advanced to experience level 5. On T:3511 you reached level 2 of The Gnomish Mines. On T:3556 you advanced to experience level 6. On T:4196 you reached level 3 of The Gnomish Mines. On T:4550 you entered the Minetown temple On T:4564 you opened a magic chest. On T:6624 you reached level 4 of The Gnomish Mines. On T:6640 you advanced to experience level 7. On T:6775 you reached level 5 of The Gnomish Mines. On T:7058 you prayed to Thoth. On T:8211 you reached level 6 of The Gnomish Mines. Score breakdown: Gold: 989 ( 98 points) Experience: 7 levels ( 600 points) Exploration: 8 levels ( 210 points) Discoveries: 39 items ( 1950 points) Variety of kills: 44 monsters ( 2000 points) Major goal: reached Minetown ( 500 points) Survival: died (score multiplied by 3) Total score: 16074 Latest messages: The dog misses the gnome lord. You hit the gnome lord. The dog misses the gnome lord. The gnome lord punches you! You hit the gnome lord. The dog misses the gnome lord. You kill the gnome lord! There are a few objects here. This gnome lord corpse tastes terrible! You hear some noises. You stop eating. You hit the crocodile! You hit the crocodile. The crocodile bites! The crocodile claws you! The crocodile bites! The crocodile claws you! You hit the crocodile! The crocodile bites! The crocodile claws you! KAABLAMM!!! You triggered a land mine! Your movements are slowed slightly because of your load. You die... Final status: Goodbye Quirre the Wizard, killed by a land mine... You died in The Gnomish Mines on dungeon level 8 with 16074 points, and 989 pieces of gold, after 8234 moves. You were level 7 with a maximum of 44 hit points when you died.